 Dungeon Crawl Stone Soup version 0.17.0-28-g6e173f8 (webtiles) character file.

66 dorian the Conjurer (level 4, -7/27 HPs)
             Began as an Octopode Conjurer on Dec 3, 2015.
             Mangled by Crazy Yiuf
             ... wielding a +3 quarterstaff of chaos
              (13 damage)
             ... on level 2 of the Dungeon.
             The game lasted 00:04:49 (1919 turns).

dorian the Conjurer (Octopode Conjurer)             Turns: 1919, Time: 00:04:49

Health: -7/27      AC:  1    Str:  7    XL:     4   Next: 15%
Magic:  1/7        EV: 12    Int: 18    God:
Gold:   69         SH:  0    Dex: 12    Spells: 2 memorised, 5 levels left

rFire  . . .     SeeInvis +     (no weapon)
rCold  . . .     Clarity  .     (no shield)
rNeg   . . .     SustAt   .     (helmet restricted)
rPois  .         Gourm    .     (no amulet)
rElec  .         Spirit   .     p - ring of see invisible
rCorr  .         Warding  .     (no ring)
rMut   .         Stasis   .     (no ring)
MR     .....                    (no ring)
Stlth  +++.......               (no ring)
                                (no ring)
                                (no ring)
                                (no ring)

@: drained, not resistant to hostile enchantments, fairly stealthy
A: almost no armour, amphibious, 8 rings, constrict 8, camouflage 1, gelatinous
body 1
a: no special abilities


You were on level 2 of the Dungeon.
You were not hungry.

You visited 1 branch of the dungeon, and saw 2 of its levels.

You collected 69 gold pieces.

Inventory:

Missiles
 d - 4 poisoned javelins (quivered)
Jewellery
 l - an uncursed amulet of faith {unknown}
 p - a ring of see invisible (left tentacle)
Scrolls
 c - a scroll of magic mapping {unknown}
 e - a scroll of enchant weapon {unknown}
 f - a scroll of recharging {unknown}
 g - a scroll of teleportation {unknown}
 i - a scroll of noise {unknown}
Potions
 j - a potion of curing {unknown}
 k - a potion of mutation {unknown}
 n - a potion of degeneration {unknown}
 o - a potion of ambrosia {unknown}
Books
 a - a book of Conjurations

   Spells                             Type                      Level
   a - Magic Dart                     Conjuration                  1
   b - Searing Ray                    Conjuration                  2
   c - Dazzling Spray                 Conjuration/Hexes            3
   d - Fulminant Prism                Conjuration/Hexes            4
   e - Iskenderun's Mystic Blast      Conjuration                  4
   f - Iskenderun's Battlesphere      Conjuration/Charms           5
Comestibles
 b - a bread ration
 h - 2 meat rations
 m - 4 chunks of flesh


   Skills:
 - Level 2.0(1.8) Dodging
 - Level 2.6(2.4) Stealth
 + Level 2.5(2.3) Spellcasting
 * Level 5.3(5.0) Conjurations


You had 5 spell levels left.
You knew the following spells:

 Your Spells              Type           Power        Failure   Level  Hunger
a - Magic Dart            Conj           ###.         1%          1    #......
b - Searing Ray           Conj           ###...       3%          2    ##.....


Dungeon Overview and Level Annotations

Branches:
Dungeon (2/15)

Altars:

Annotations:
D:2 Crazy Yiuf


Innate Abilities, Weirdness & Mutations

You cannot wear most types of armour.
You are amphibious.
You can wear up to eight rings at the same time.
You can use your tentacles to constrict eight enemies at once.
Your skin changes colour to match your surroundings (Stealth).
Your rubbery body absorbs attacks (AC +1).


Message History

You grab Crazy Yiuf.
Crazy Yiuf is severely wounded.
You constrict Crazy Yiuf, but do no damage.
Crazy Yiuf closely misses you.
You tentacle-slap Crazy Yiuf but do no damage.
Crazy Yiuf is severely wounded.
You constrict Crazy Yiuf, but do no damage.
Crazy Yiuf hits you with a quarterstaff of chaos!
Ouch! That really hurt!
Crazy Yiuf freezes you.
You barely miss Crazy Yiuf.
Crazy Yiuf is severely wounded.
You constrict Crazy Yiuf, but do no damage.
Crazy Yiuf hits you with a quarterstaff of chaos.
* * * LOW HITPOINT WARNING * * *
x2 You tentacle-slap Crazy Yiuf but do no damage.
Crazy Yiuf is severely wounded.
You constrict Crazy Yiuf.
Crazy Yiuf hits you with a quarterstaff of chaos!
You die...

#..###.##..##
.)#####..##.g###...
#.........)........ [(
#####....##.####>#. .h
###.......# #.#. #. ###.#######
#......#### #.## #.
.#...#....##......## #.#. #..
.h8...8...#.).....# ####... #..
[..#....g@.......###.....#
##.###.###.................#.##
#...#...#............###...#.##
#.8...8...8...............##.##
##...#...#....#.......#######...
#...###.###...#.##.#### #...
#....#...#...##.##.# #...
#..8...8...8.##.#..# #..#
#(.......#...#..#.## ##.#


You could see Crazy Yiuf.

Vanquished Creatures
  2 adders (D:2)
  2 oozes (D:1)
  2 worms (D:2)
  A giant gecko (D:2)
  A giant cockroach (D:1)
  3 hobgoblins
  3 jackals (D:2)
  2 quokkas (D:2)
  A ball python (D:1)
  2 bats (D:1)
  2 giant newts (D:2)
  4 goblins
  5 kobolds
  3 rats
33 creatures vanquished.

Notes
Turn   | Place    | Note
--------------------------------------------------------------
     0 | D:1      | dorian the Octopode Conjurer began the quest for the Orb.
     0 | D:1      | Reached XP level 1. HP: 11/11 MP: 3/3
   109 | D:1      | Reached XP level 2. HP: 13/17 MP: 5/5
   624 | D:2      | Reached XP level 3. HP: 19/21 MP: 0/6
   781 | D:2      | Noticed Crazy Yiuf
  1086 | D:1      | Learned a level 2 spell: Searing Ray
  1121 | D:2      | Reached skill level 5 in Conjurations
  1661 | D:2      | Reached XP level 4. HP: 20/27 MP: 3/7
  1919 | D:2      | Mangled by Crazy Yiuf

Action                   |  1- 3 |  4- 6 || total
-------------------------+-------+-------++-------
Melee: Unarmed           |    34 |     7 ||    41
 Cast: Magic Dart        |    59 |    13 ||    72
       Searing Ray       |       |     2 ||     2
 Stab: Sleeping          |     1 |       ||     1
  Eat: Chunk             |     3 |     1 ||     4
